 Dungeon Crawl Stone Soup version 0.31.0-12-g77e489cdc1 (webtiles) character file.

Game seed: 12301126742410849496

1922 Peloso the Carver (level 8, -2/71 HPs)
             Began as a Minotaur Fighter on Feb 18, 2024.
             Was an Initiate of Okawaru.
             Slain by an orc warlord
             ... wielding a +11 battleaxe
              (24 damage)
             ... in a bailey.
             The game lasted 00:22:07 (6895 turns).

Peloso the Carver (Minotaur Fighter)                Turns: 6895, Time: 00:22:07

Health: -2/71      AC: 19    Str: 21    XL:     8   Next: 96%
Magic:  4/7        EV: 14    Int:  5    God:    Okawaru [......]
Gold:   478        SH:  6    Dex: 12    Spells: 7/7 levels left

rFire   . . .        a - +0 long sword
rCold   . . .        c - +0 buckler
rNeg    . . .        A - +0 plate armour
rPois   .            m - +1 hat
rElec   .            (no cloak)
rCorr   .            (no gloves)
SInv    .            z - +1 pair of boots
Will    .....        k - amulet of the acrobat Stlth
                     h - +5 ring of evasion
HPRegen 0.31/turn    n - ring of flight
MPRegen 0.10/turn

%: acrobat
@: heroic, flying
A: horns 2, retaliatory headbutt
a: Renounce Religion


You were in a bailey.
You worshipped Okawaru.
Okawaru was noncommittal.
You visited 2 branches of the dungeon, and saw 8 of its levels.
You also visited: Bailey.

You collected 478 gold pieces.

Inventory:

Hand Weapons
 a - a +0 long sword (weapon)
Missiles
 g - 2 throwing nets (quivered)
Armour
 b - a +1 scale mail
 c - a +0 buckler (worn)
 m - a +1 hat (worn)
 o - a +0 chain mail
 z - a +1 pair of boots (worn)
 A - a +0 plate armour (worn)
Jewellery
 h - a +5 ring of evasion (left hand)
 k - an amulet of the acrobat (around neck)
 n - a ring of flight (right hand)
 q - a ring of magical power
 y - a ring of protection from fire
Talismans
 x - a talisman of death
Scrolls
 p - a scroll of summoning
 s - a scroll of fog
 t - 2 scrolls of teleportation
 v - 2 scrolls of enchant weapon
 B - a scroll of acquirement
 E - a scroll of enchant armour
 G - a scroll of brand weapon {unknown}
Potions
 d - a potion of might
 j - a potion of cancellation
 l - 2 potions of haste
 C - 2 potions of brilliance {unknown}
 D - a potion of magic {unknown}
 F - a potion of invisibility


   Skills:
 + Level 6.6(11.6) Fighting
 + Level 9.1(14.1) Long Blades
 + Level 7.8(12.8) Armour
 + Level 2.1(7.1) Dodging
 + Level 0.6(5.6) Stealth
 + Level 6.3(11.3) Shields
 + Level 0.1 Invocations
 + Level 0.2 Shapeshifting


You had 7 spell levels left.
You didn't know any spells.
Your spell library contained the following spells:

 Spells                   Type           Power      Damage    Failure   Level
 Dazzling Flash           Conj/Hex       0%         N/A       100%        3
 Volatile Blastmotes      Fire/Tloc      0%         2d10      100%        3
 Starburst                Conj/Fire      0%         6d3       100%        6
 Maxwell's Capacitive Co  Air            0%         ∞         100%        8


Dungeon Overview and Level Annotations

Branches:
Dungeon (7/15)             Temple (1/1) D:6          Bailey (1/1)

Altars:
Ashenzari
Cheibriados
Dithmenos
Elyvilon
Fedhas
Gozag
Kikubaaqudgha
Nemelex Xobeh
Okawaru
Qazlal
Ru
Trog
Uskayaw
Wu Jian
Xom
Yredelemnul
Zin

Shops:
D:4 ?[

Annotations:
D:7 Jeremiah


Innate Abilities, Weirdness & Mutations

You have a pair of horns on your head.
You reflexively headbutt those who attack you in melee.


Message History

You barely miss the orc warlord.
The orc warlord is moderately wounded.
Unknown command.
You barely miss the orc warlord.
The orc warlord is moderately wounded.
The orc warlord is engulfed in poison gas.
The orc warlord looks as sick as possible!
You block the orc warlord's attack.
Unknown command.
You hit the orc warlord. You headbutt the orc warlord.
The orc warlord is heavily wounded.
The orc warlord is engulfed in poison gas.
The orc warlord looks as sick as possible!
The orc warlord hits you with a +11 battleaxe!
* * * LOW HITPOINT WARNING * * *
Unknown command.
You feel better.
The orc warlord looks as sick as possible!
You block the orc warlord's attack.
You hit the orc warlord but do no damage.
The orc warlord is heavily wounded.
The orc warlord is engulfed in poison gas.
The orc warlord looks as sick as possible!
The orc warlord hits you with a +11 battleaxe!
* * * LOW HITPOINT WARNING * * *
Unknown command.
You hit the orc warlord.
The orc warlord is heavily wounded.
Unknown command.
You feel better.
The orc warlord is engulfed in poison gas.
The orc warlord looks as sick as possible!
You block the orc warlord's attack.
You hit the orc warlord but do no damage.
You headbutt the orc warlord, but do no damage.
The orc warlord is heavily wounded.
The orc warlord is engulfed in poison gas.
The orc warlord looks as sick as possible!
The orc warlord hits you with a +11 battleaxe!!
You die...

##..8..8...........8..8(.##
#..........○○☼○○..........#
#....!!.....☼§§°..........#
#...8......#☼§§#......8...#
##......####~°○####......##
♣##.....#°○☼○○°☼○°#.....##♣
♣.##....#§○8☼§☼8§☼#....##.♣
♣♣..###)###.☼.☼.°§###'###..♣♣
♣...~~~.#☼°○8§@.8☼°☼#.~~~...♣
♣♣...~~~)#°§°○.o☼°°°§#.~~~...♣♣
♣∩...~~~.#☼☼○§§§°○§☼☼#.~)~...∩♣
♣♣...~~~.##○☼○§§☼○°☼##.()~...♣♣
♣...~~).#°§○8°.§8°☼§#.~~~...♣
♣♣..###'#§§§§.§§§°§○#)###..♣♣
♣.##...#°§☼8.°§8§☼○#(..##.♣
♣##....##☼○#####☼~##(...##♣
##.....(####...####......##


You could see an orc warlord (extremely poisoned).

Vanquished Creatures
  An orc knight (Bailey)
  A water moccasin (D:4)
  3 orc warriors (Bailey)
  A black bear (D:5)
  2 phantoms
  2 scorpions
  A bombardier beetle (D:5)
  An orc priest (D:5)
  6 hounds
  A jelly (D:6)
  3 iguanas
  A sleepcap (D:6)
  11 adders
  10 gnolls
  A shadow imp (D:6)
  2 dart slugs (D:1)
  A ribbon worm (D:2)
  14 orcs
  6 ball pythons
  5 bats
  9 endoplasms
  3 giant cockroaches
  15 goblins
  14 hobgoblins
  11 jackals
  17 kobolds
  8 quokkas
  3 frilled lizards
  24 rats
177 creatures vanquished.

Notes
Turn   | Place    | Note
-------+----------+-------------------------------------------
     0 | D:1      | Peloso the Minotaur Fighter began the quest for the Orb.
     0 | D:1      | Reached XP level 1. HP: 19/19 MP: 0/0
   230 | D:1      | Reached XP level 2. HP: 25/27 MP: 1/1
   553 | D:1      | Reached skill level 3 in Long Blades
   608 | D:1      | Reached XP level 3. HP: 32/33 MP: 2/2
  1191 | D:2      | Found a faded altar of an unknown god.
  1220 | D:2      | Reached XP level 4. HP: 40/40 MP: 3/3
  2440 | D:3      | Reached XP level 5. HP: 47/47 MP: 4/4
  2521 | D:3      | Reached skill level 4 in Long Blades
  2747 | D:4      | Noticed a water moccasin
  2758 | D:4      | Killed a water moccasin
  2759 | D:4      | Reached skill level 5 in Long Blades
  2759 | D:4      | Reached skill level 5 in Armour
  2759 | D:4      | Reached skill level 1 in Dodging
  2767 | D:4      | HP: 2/47 [poisoned by a water moccasin]
  2973 | D:4      | Reached XP level 6. HP: 53/53 MP: 5/5
  3231 | D:4      | Reached skill level 6 in Long Blades
  3292 | D:4      | Found Jamuvurr's Magic Scroll Shoppe.
  3431 | D:4      | Found Diof's Antique Armour Shoppe.
  3816 | D:5      | Entered Level 5 of the Dungeon
  4037 | D:5      | Reached skill level 5 in Shields
  4037 | D:5      | Reached XP level 7. HP: 57/60 MP: 6/6
  4105 | D:5      | Found a bloodstained altar of Trog.
  4158 | D:5      | Reached skill level 5 in Fighting
  4507 | D:5      | Reached skill level 7 in Long Blades
  5177 | D:6      | Found a staircase to the Ecumenical Temple.
  5267 | Temple   | Entered the Ecumenical Temple
  5343 | Temple   | Became a worshipper of Warmaster Okawaru
  5400 | D:6      | Reached XP level 8. HP: 63/68 MP: 7/7
  5430 | D:6      | Found a shadowy altar of Dithmenos.
  5713 | D:6      | Reached skill level 8 in Long Blades
  5970 | D:7      | Noticed Jeremiah
  6101 | D:7      | Found a flagged portal.
  6116 | Bailey   | Entered a bailey
  6156 | Bailey   | Noticed an orc warlord
  6267 | Bailey   | Reached * piety under Okawaru
  6442 | Bailey   | Noticed an orc knight
  6458 | Bailey   | Killed an orc knight
  6459 | Bailey   | Reached skill level 9 in Long Blades
  6476 | Bailey   | Found a runed translucent gate.
  6478 | Bailey   | Found a runed translucent gate.
  6479 | Bailey   | Found a runed translucent gate.
  6612 | Bailey   | Identified a scroll of acquirement
  6895 | Bailey   | Slain by an orc warlord

Illustrated notes

Levels and vault maps discovered:
D:1:      dpeg_arrival_signposts, layout_basic, wad_floor_pattern_untrapped,
          minmay_misc_feat_four_crosses
D:2:      layout_loops_ring, nicolae_ecumenical_snake_handling
D:3:      layout_basic, minmay_rat_hole
D:4:      layout_basic, serial_rivers, chequers_serial_rivers_large_a,
          chequers_serial_rivers_room_a, chequers_serial_rivers_small_3,
          chequers_serial_rivers_micro_c, serial_shops, shop,
          nicolae_stop_n_shop_2, kennysheep_pointless_box, st_stairs_3
D:5:      layout_basic, amcnicky_altar_gilded
D:6:      layout_gridville, general_overflow_altar,
          minmay_temple_entry_glassed_door
D:7:      layout_basic, vehumet_altar_wand_db, gammafunk_ghost_nasty_kobolds,
          enter_bailey_3, uniq_jeremiah
Temple:   nicolae_temple_superstar
Bailey:   bailey_axe_bossmonster_kennysheep, bailey

Skill      XL: |  1  2  3  4  5  6  7  8 |
---------------+-------------------------+-----
Fighting       | 4 5 6 |  6.6
Armour         | 4 5 6 7 |  7.8
Long Blades    | 3 5 6 7 9 |  9.1
Shields        | 4 5 6 |  6.3
Dodging        | 1 2 |  2.1
Stealth        | |  0.6
Invocations    | |  0.1
Shapeshifting  | |  0.2

Action                     |  1- 3 |  4- 6 |  7- 9 || total
---------------------------+-------+-------+-------++-------
  Melee: Long sword        |    74 |   180 |   204 ||   458
         Headbutt          |    12 |    24 |    46 ||    82
 Invoke: Heroism           |       |       |     3 ||     3
    Use: Potion            |     2 |     2 |     3 ||     7
         Scroll            |     1 |     5 |     8 ||    14
 Armour: Scale mail        |    45 |    74 |       ||   119
         Chain mail        |       |     4 |    57 ||    61
         Plate armour      |       |       |    37 ||    37
  Dodge: Dodged            |    37 |   136 |   115 ||   288
  Block: Buckler           |    19 |    34 |    47 ||   100
         Form:             |       |       |     1 ||     1
         Death             |       |       |     1 ||     1
